Map: Dragon Scales LE

Players

Metamyth - Winner!

  • Race: Zerg Zerg
  • League: Master
  • Spawn Location: 5:00

CleanSweep

  • Race: Terran Terran
  • League: Diamond
  • Spawn Location: 11:00

VOD

Have the link to the VOD?

Description

Time

  • Played on: March 16, 2023, 5:55 a.m.
  • Length: 26:40
Show
View Real Time Build Order
Export as new Build Order

Metamyth Zerg - Winner!

Build Orders: Hatch First 

Get SALT Encoding   

  12  0:00  Drone  
  13  0:13  Overlord  
  13  0:16  Drone  
  14  0:31  Drone x2  
  16  0:49  Hatchery  
  15  0:51  Drone  
  15  0:55  Drone  
  17  0:58  Drone  
  18  1:09  Extractor  
  17  1:14  Spawning Pool  
  17  1:17  Drone  
  17  1:20  Drone  
  18  1:29  Drone  
  19  1:39  Drone  
  20  1:49  Overlord  
  20  2:00  Queen  
  20  2:01  Zergling x2, Queen  
  22  2:02  Zergling x2  
  26  2:13  Metabolic Boost  
  26  2:25  Hatchery  
  26  2:27  Drone  
  26  2:29  Drone  
  27  2:33  Drone  
  27  2:35  Drone  
  29  2:40  Drone  
  29  2:42  Drone  
  31  2:48  Baneling Nest  
  31  2:50  Drone  
  31  2:54  Drone  
  31  2:58  Overlord  
  32  3:00  Drone  
  33  3:06  Queen  
  33  3:10  Drone  
  36  3:16  Drone x3  
  36  3:19  Overlord  
  39  3:22  Drone  
  39  3:25  Drone  
  41  3:27  Drone  
  42  3:36  Drone  
  42  3:37  Queen  
  42  3:39  Drone x2  
  42  3:40  Drone  
  42  3:41  Drone  
  49  3:45  Overlord  
  49  3:53  Burrow  
  49  3:55  Zergling x6  
  52  3:59  Drone x2  
  52  4:00  Overlord  
  54  4:10  Zergling x6  
  57  4:17  Drone  
  57  4:18  Drone x3  
  57  4:21  Baneling x3  
  61  4:27  Zergling x10  
  66  4:34  Extractor, Zergling x4  
  67  4:41  Overlord x2  
  67  4:55  Baneling x4  
  67  4:56  Overlord x3, Extractor  
  67  4:57  Overlord x2  
  66  5:14  Baneling x4  
  66  5:15  Zergling x2  
  66  5:16  Zergling x12  
  73  5:24  Drone x4  
  77  5:29  Drone x4  
  77  5:30  Queen x2  
  77  5:34  Baneling x3  
  77  5:35  Baneling  
  85  5:37  Zergling x2  
  85  5:38  Zergling x4  
  88  5:44  Drone  
  88  5:45  Drone x2  
  90  5:57  Baneling  
  90  5:58  Baneling x7  
  86  6:04  Zergling x2  
  86  6:05  Zergling x20  
  97  6:14  Zergling x4  
  91  6:32  Drone  
  92  6:33  Drone x5  
  92  6:35  Extractor  
  92  6:37  Lair, Extractor  
  95  6:40  Evolution Chamber  
  95  6:41  Evolution Chamber  
  93  6:49  Hatchery  
  93  6:51  Drone  
  93  6:52  Overlord x5  
  93  6:53  Overlord x2  
  93  6:58  Hatchery  
  92  7:02  Drone x2  
  92  7:03  Drone x2  
  92  7:05  Drone  
  92  7:06  Zerg Melee Weapons Level 1  
  92  7:08  Zerg Ground Armor Level 1  
  97  7:10  Drone x4  
  97  7:11  Drone x2  
  97  7:15  Overlord x2  
  103  7:18  Drone x2, Extractor  
  103  7:19  Baneling x3  
  103  7:22  Pneumatized Carapace  
  104  7:27  Drone x3  
  107  7:39  Drone  
  107  7:40  Drone x10  
  107  7:43  Centrifugal Hooks  
  118  7:49  Baneling x3  
  118  7:59  Baneling x6  
  118  8:03  Spire, Queen  
  118  8:05  Spore Crawler, Extractor  
  118  8:06  Drone  
  118  8:07  Drone x9  
  118  8:08  Extractor  
  118  8:10  Zergling x2  
  118  8:11  Zergling x6  
  130  8:18  Zergling x2  
  130  8:19  Zergling x10  
  122  8:44  Hatchery  
  111  8:50  Zergling x4  
  111  8:51  Zergling x26  
  111  8:53  Queen  
  128  8:58  Infestation Pit  
  127  9:07  Baneling x6  
  127  9:13  Zergling x2  
  127  9:14  Zergling x28  
  142  9:17  Zerg Melee Weapons Level 2, Zerg Flyer Weapons Level 1  
  142  9:18  Zerg Ground Armor Level 2  
  142  9:21  Mutalisk x5  
  152  9:27  Spine Crawler  
  152  9:28  Spine Crawler  
  152  9:29  Spine Crawler, Overseer  
  152  9:30  Overseer  
  148  9:54  Mutalisk  
  148  9:55  Mutalisk x11  
  155  10:25  Mutalisk  
  155  10:26  Mutalisk x5  
  158  10:28  Queen  
  158  10:29  Extractor  
  158  10:30  Extractor  
  158  10:46  Baneling x9  
  158  10:47  Zergling x2  
  158  10:48  Zergling x30  
  174  10:54  Drone x2  
  176  11:05  Hatchery x2  
  176  11:06  Baneling x5  
  176  11:11  Baneling x2, Zerg Flyer Armor Level 1  
  169  11:33  Baneling x2  
  169  11:34  Baneling  
  169  11:36  Hive  
  169  11:45  Baneling  
  169  11:46  Baneling  
  168  12:01  Baneling x6  
  168  12:07  Zergling x2  
  168  12:08  Zergling x36  
  178  12:09  Zergling x4  
  189  12:22  Baneling x9  
  188  12:35  Baneling x9  
  186  12:55  Baneling x6  
  184  12:59  Overlord x4  
  184  13:05  Zerg Flyer Weapons Level 2  
  165  13:24  Mutalisk x10  
  165  13:25  Mutalisk x9  
  199  13:49  Baneling x6  
  199  13:50  Baneling x5  
  199  14:01  Baneling x2  
  199  14:02  Baneling  
  173  14:29  Zergling x18  
  173  14:30  Baneling x6, Zergling x24  
  141  14:42  Baneling x5  
  136  15:03  Zergling x2  
  136  15:04  Zergling x34  
  133  15:09  Adrenal Glands  
  133  15:10  Zerg Ground Armor Level 3  
  130  15:15  Zerg Melee Weapons Level 3  
  130  15:20  Mutalisk x3  
  130  15:21  Mutalisk x3  
  136  15:26  Baneling x6  
  140  15:29  Baneling x5  
  140  15:30  Baneling x6  
  140  15:32  Mutalisk x6  
  152  15:46  Baneling x7  
  152  15:48  Hatchery  
  151  15:52  Mutalisk  
  151  15:53  Mutalisk x17  
  187  16:02  Zergling x10  
  191  16:12  Zerg Flyer Weapons Level 3  
  191  16:15  Baneling x2  
  191  16:16  Extractor  
  189  16:18  Extractor  
  189  16:19  Zergling x2  
  189  16:20  Zergling x22  
  176  16:57  Baneling x5  
  176  16:59  Zergling x16  
  176  17:00  Zergling x18  
  177  17:17  Baneling  
  177  17:18  Baneling  
  177  17:21  Overseer  
  177  17:22  Overseer x2  
  177  17:25  Baneling x11  
  177  17:28  Baneling  
  177  17:29  Baneling x2  
  177  17:36  Baneling x2  
  177  17:37  Baneling x2  
  177  17:46  Mutalisk x2  
  177  17:47  Mutalisk x9  
  198  17:58  Overseer  
  192  18:19  Zergling x2  
  187  18:20  Zergling x26  
  200  18:33  Ultralisk Cavern  
  199  18:41  Baneling x5  
  199  18:49  Zerg Flyer Armor Level 2  
  190  19:11  Baneling x9  
  160  19:25  Hatchery  
  146  19:32  Zergling x2  
  146  19:33  Zergling x40  
  165  19:43  Zergling x2  
  157  19:57  Baneling  
  157  19:58  Baneling  
  151  20:02  Overseer  
  151  20:03  Overseer x2  
  129  20:21  Zergling x2  
  129  20:22  Zergling x34  
  133  20:36  Chitinous Plating  
  133  20:38  Queen  
  133  20:40  Drone  
  133  20:41  Drone x5  
  141  20:50  Baneling x11  
  141  21:03  Overseer  
  141  21:10  Zerg Flyer Armor Level 3  
  141  21:11  Overlord  
  141  21:12  Overlord  
  139  21:26  Baneling x2  
  138  21:46  Ultralisk  
  186  21:47  Ultralisk x8  
  192  21:58  Nydus Network  
  190  22:16  Hatchery, Zergling x16  
  190  22:17  Zergling x6  
  190  22:20  Baneling x4  
  200  22:29  Zergling x6  
  190  22:30  Zergling x24  
  198  22:45  Baneling x2  
  198  22:46  Baneling x2  
  181  23:06  Overseer  
  181  23:08  Overlord x3  
  181  23:13  Zergling x26  
  181  23:14  Overlord, Zergling x2  
  181  23:15  Overlord  
  195  23:21  Extractor x2  
  193  23:36  Nydus Canal  
  193  23:41  Zergling x28  
  188  24:08  Baneling x7  
  188  24:09  Baneling x7, Zergling x2  
  187  24:10  Zergling x24  
  199  24:25  Baneling x2  
  199  24:30  Baneling, Extractor  
  192  24:31  Baneling x3  
  192  24:39  Zergling x14  
  199  24:50  Baneling x4  
  199  25:10  Extractor  
  180  25:22  Zergling x18  
  180  25:23  Zergling x14  
  139  26:08  Mutalisk  
  139  26:09  Mutalisk x10  
Show
View Real Time Build Order
Export as new Build Order

CleanSweep Terran 

Build Orders: Command Center First (CC) 

Get SALT Encoding   

  12  0:00  SCV  
  13  0:12  SCV  
  14  0:17  Supply Depot  
  14  0:24  SCV  
  15  0:39  SCV  
  16  0:51  SCV  
  17  0:59  Command Center  
  17  1:03  SCV  
  18  1:13  Barracks  
  18  1:15  SCV  
  19  1:28  Barracks  
  19  1:29  SCV  
  20  1:39  Barracks  
  20  1:42  SCV  
  21  1:54  SCV  
  21  2:01  Marine  
  23  2:06  Orbital Command  
  23  2:11  Orbital Command  
  23  2:15  Marine  
  23  2:20  Marine  
  23  2:21  Refinery  
  25  2:25  Refinery  
  25  2:27  Marine  
  26  2:33  SCV, Marine  
  28  2:38  Marine  
  28  2:43  SCV  
  30  2:45  Marine  
  30  2:47  SCV  
  30  2:51  Marine  
  33  2:56  SCV, Marine, Barracks  
  35  3:01  SCV  
  35  3:02  Marine  
  35  3:04  Supply Depot  
  37  3:08  SCV  
  38  3:15  Barracks  
  38  3:20  Supply Depot  
  38  3:25  SCV, Marine  
  38  3:26  Supply Depot  
  40  3:29  SCV  
  41  3:38  SCV  
  41  3:41  SCV  
  43  3:43  Marine x2  
  43  3:44  Barracks Tech Lab  
  43  3:48  Marine  
  46  3:50  SCV  
  46  3:51  Supply Depot  
  46  3:55  SCV  
  48  3:59  Engineering Bay  
  48  4:00  Engineering Bay  
  48  4:01  Marine x2  
  48  4:02  SCV, Barracks Tech Lab  
  51  4:06  Marine  
  51  4:07  SCV  
  51  4:09  Marauder  
  55  4:14  Stimpack  
  55  4:15  SCV  
  56  4:19  SCV, Supply Depot  
  56  4:22  Marauder  
  59  4:26  Terran Infantry Weapons Level 1  
  59  4:27  SCV  
  59  4:28  Terran Infantry Armor Level 1  
  60  4:31  SCV, Marine  
  62  4:39  SCV  
  62  4:43  SCV  
  62  4:45  Marauder, Marine x2  
  68  4:46  Combat Shield  
  68  4:48  Marauder  
  68  4:51  SCV  
  68  4:52  Supply Depot  
  71  4:57  Marine  
  72  5:01  Refinery  
  72  5:02  SCV, Marine  
  72  5:03  SCV  
  72  5:06  Refinery  
  77  5:07  Marauder  
  77  5:08  Marine  
  77  5:13  Marine  
  77  5:14  Supply Depot  
  79  5:16  SCV  
  79  5:17  Marine, Supply Depot  
  79  5:21  SCV, Marine  
  82  5:25  Marine  
  82  5:26  Factory  
  82  5:28  Marine  
  85  5:32  SCV  
  86  5:36  Supply Depot  
  86  5:37  Marine  
  86  5:41  Supply Depot  
  87  5:47  Marine  
  87  5:48  Marauder, Marine x2  
  92  5:52  SCV  
  92  5:55  Marine  
  94  6:00  SCV  
  76  6:04  SCV, Factory  
  76  6:05  Supply Depot  
  76  6:10  Marauder  
  60  6:28  SCV  
  60  6:31  Barracks  
  60  6:32  Factory Reactor  
  61  6:36  SCV, Command Center x2  
  61  6:37  Factory  
  61  6:38  Factory  
  62  6:42  Marine x5  
  62  6:46  SCV  
  68  6:48  SCV  
  69  6:56  Armory  
  69  6:59  Factory Reactor  
  69  7:06  Marine x3  
  69  7:08  Concussive Shells  
  72  7:10  Widow Mine x2  
  72  7:12  SCV  
  77  7:17  Marine x2, Supply Depot  
  77  7:21  Factory Reactor  
  79  7:23  Factory Tech Lab  
  79  7:25  Marine x2  
  79  7:26  Factory  
  79  7:27  SCV  
  82  7:33  Widow Mine x2  
  82  7:35  Marauder  
  82  7:36  Marauder  
  90  7:39  Widow Mine x2  
  94  7:44  Terran Infantry Weapons Level 2  
  94  7:46  Terran Infantry Armor Level 2  
  94  7:47  Widow Mine  
  96  7:55  Widow Mine x2  
  96  7:58  Widow Mine x2  
  104  8:01  SCV x2, Widow Mine  
  108  8:06  Widow Mine  
  108  8:09  Widow Mine, Planetary Fortress  
  112  8:13  SCV  
  112  8:17  Widow Mine  
  112  8:18  Widow Mine  
  112  8:19  Widow Mine  
  121  8:20  Widow Mine  
  121  8:30  Widow Mine x3  
  127  8:39  Widow Mine x2  
  127  8:41  Widow Mine  
  127  8:55  Widow Mine x3  
  133  8:56  Marine x2  
  133  8:58  SCV  
  133  8:59  Widow Mine  
  133  9:01  Planetary Fortress  
  138  9:05  Starport, Factory Reactor  
  138  9:08  Starport  
  138  9:11  Refinery, SCV x2  
  138  9:12  Refinery  
  138  9:16  Drilling Claws  
  140  9:32  SCV  
  141  9:39  Widow Mine  
  141  9:40  Widow Mine, Supply Depot  
  141  9:42  Supply Depot  
  141  9:43  Marine x5, Supply Depot  
  141  9:44  Starport Tech Lab, Marine  
  151  10:03  Marine  
  151  10:04  Marine  
  153  10:09  Raven  
  153  10:10  Medivac x2  
  125  10:29  SCV, Marine  
  125  10:30  Marine x5  
  132  10:36  SCV x2  
  132  10:40  Medivac x2  
  132  10:41  Widow Mine x7  
  152  10:43  Medivac  
  152  10:47  Marine  
  152  10:48  SCV, Marine x5  
  161  10:53  Supply Depot  
  161  10:55  Supply Depot  
  161  11:02  Widow Mine x2  
  161  11:03  Widow Mine x5  
  175  11:05  Marine x3  
  175  11:06  Marine x3  
  175  11:10  Medivac  
  181  11:23  Widow Mine, Missile Turret, Marine x2  
  181  11:24  Widow Mine x2, Missile Turret x2  
  189  11:28  Missile Turret  
  189  11:30  Missile Turret  
  189  11:31  Missile Turret  
  189  11:32  Missile Turret  
  189  11:34  Missile Turret x2  
  187  12:13  Marine x4  
  191  12:18  Medivac x2  
  189  12:38  Marine x6  
  189  12:39  Widow Mine x2  
  199  12:48  Terran Infantry Armor Level 3, Terran Infantry Weapons Level 3  
  199  12:53  Command Center  
  199  12:54  Command Center x2  
  197  13:07  Marine x2  
  197  13:12  Widow Mine x3, Marine  
  185  13:13  Marine x3  
  182  13:25  Marine x2  
  182  13:27  SCV x2  
  182  13:30  Marine x4  
  188  13:39  Missile Turret x2  
  188  13:40  Missile Turret x3  
  188  13:42  Missile Turret x2  
  188  13:43  Missile Turret, Marine x2  
  188  13:44  Missile Turret  
  188  13:45  Missile Turret x2  
  188  13:48  Missile Turret, Marine x4  
  191  13:54  Refinery  
  194  13:55  Refinery  
  194  14:01  Marine x2  
  194  14:02  Refinery  
  196  14:05  Marine  
  196  14:06  Marine x3  
  196  14:18  Refinery  
  196  14:19  Marine x2  
  196  14:23  Marine  
  196  14:24  Marine x3  
  189  14:36  Marine  
  189  14:37  Marine  
  164  14:40  Widow Mine x3  
  164  14:41  Marine  
  164  14:42  Marine x3  
  174  14:46  Medivac, Raven  
  178  14:54  Marine x2  
  178  14:57  Widow Mine  
  178  14:59  Marine x4  
  169  15:12  Widow Mine x3, Marine x2  
  177  15:16  Planetary Fortress x2  
  177  15:17  Marine x4  
  181  15:23  Barracks  
  181  15:24  Thor  
  181  15:25  Barracks  
  187  15:30  Marine x2  
  187  15:35  Marine x4  
  191  15:48  Marine x2  
  193  15:52  Marine  
  193  15:53  Marine x3  
  195  15:59  Widow Mine x2  
  199  16:05  Marine  
  199  16:10  Marine  
  199  16:11  Marine  
  125  17:05  Marine x2  
  125  17:06  Marine  
  121  17:09  Marine x5  
  121  17:12  Medivac x3  
  128  17:16  Widow Mine x7  
  142  17:23  Marine x3  
  142  17:26  Marine  
  142  17:27  Marine x3  
  149  17:37  Widow Mine  
  149  17:38  Widow Mine x6  
  149  17:43  Raven  
  165  17:45  Marine  
  165  17:46  Marine x7  
  165  17:49  Command Center  
  165  17:50  Missile Turret  
  173  17:52  Missile Turret x2  
  173  17:54  Missile Turret  
  173  17:55  Missile Turret  
  173  17:59  Widow Mine x7  
  173  18:00  Medivac x2  
  173  18:03  Marine x3  
  173  18:04  Marine x5  
  189  18:17  Raven  
  189  18:21  Marine x8  
  193  18:29  Thor  
  199  18:39  Marine  
  200  18:42  Planetary Fortress  
  196  18:54  Widow Mine  
  188  18:56  Marine  
  187  19:10  Missile Turret  
  187  19:12  Missile Turret  
  187  19:13  Missile Turret  
  187  19:14  Marine  
  152  19:32  Widow Mine x2, Medivac  
  152  19:33  Medivac x2  
  160  19:48  Marine  
  160  19:49  Marine  
  129  20:00  Marine x2  
  129  20:01  Marine x4  
  129  20:06  Widow Mine x6, Marine x2  
  148  20:18  Marine x2  
  148  20:19  Marine x4  
  154  20:24  Widow Mine, Marine x2  
  154  20:27  Widow Mine, Missile Turret  
  154  20:28  Missile Turret  
  146  20:36  Marine x2  
  146  20:37  Marine x4  
  146  20:41  Missile Turret  
  146  20:42  Marine x2  
  154  20:43  Hi-Sec Auto Tracking, Missile Turret  
  154  20:46  Planetary Fortress  
  154  20:50  Missile Turret  
  154  20:51  Missile Turret x2  
  154  20:52  Missile Turret  
  154  20:54  Widow Mine x6, Marine x6  
  154  20:55  Widow Mine  
  174  20:57  Medivac x2  
  174  20:58  Raven  
  174  20:59  Marine  
  174  21:00  Marine  
  182  21:11  Marine  
  182  21:12  Marine x5  
  182  21:15  Widow Mine, Thor  
  182  21:17  Marine  
  182  21:18  Marine  
  196  21:29  Marine x2  
  196  21:30  Marine x3  
  197  21:34  Medivac x2  
  186  21:40  Neosteel Armor  
  186  21:41  Marine x3  
  189  21:47  Marine x2  
  189  21:48  Marine x3  
  194  21:58  Thor  
  192  22:29  Marine x3  
  164  22:41  Marine x3  
  164  22:42  Widow Mine  
  169  22:45  Marine, Thor  
  169  22:47  Widow Mine x2  
  169  22:48  Widow Mine x3  
  175  23:03  Marine x2  
  175  23:05  Widow Mine, Marine  
  179  23:09  Widow Mine x4, Marine x4  
  179  23:10  Marine  
  193  23:21  Marine x2  
  195  23:31  Missile Turret x2  
  195  23:33  Missile Turret  
  195  23:35  Barracks  
  195  23:36  Missile Turret  
  195  23:37  Missile Turret  
  188  24:09  Widow Mine  
  173  24:11  Widow Mine x3  
  183  24:19  Widow Mine  
  158  25:30  Supply Depot x2  
  158  25:32  Supply Depot x2  
  158  25:35  Supply Depot  
  158  25:36  Supply Depot  
  158  26:01  Widow Mine, Marine x2  
  158  26:02  Widow Mine  
  125  26:14  Command Center  
  124  26:19  Marine  
Tags
 
Add a new tag
Caveats
  • Supply blocks, unpowered buildings, or Contaminate may cause inaccurate times.
  • Supply counts are checked every 10 seconds.